 Dungeon Crawl Stone Soup version 0.29-a0-994-gc5c9f59d18 (webtiles) character file.

Game seed: 1232831197203112562

140 vurker the Trooper (level 5, 0/46 HPs)
             Began as a Minotaur Enchanter on Aug 3, 2022.
             Slain by a phantom (5 damage)
             ... on level 4 of the Dungeon.
             The game lasted 00:03:46 (3739 turns).

vurker the Trooper (Minotaur Enchanter)             Turns: 3739, Time: 00:03:47

Health: 0/46       AC:  2    Str: 15    XL:     5   Next: 2%
Magic:  6/6        EV: 12    Int: 12    God:
Gold:   174        SH:  3    Dex: 10    Spells: 6/6 levels left

rFire   . . .      SeeInvis .   m - +0 short sword (flame)
rCold   . . .      Faith    .   j - +0 buckler
rNeg    . . .      Spirit   .   b - +0 robe
rPois   +          Reflect  .   (helmet restricted)
rElec   .          Harm     .   (no cloak)
rCorr   .          Rampage  .   (no gloves)
Will    +....                   (no boots)
Stlth   ++........              (no amulet)
HPRegen 0.15/turn               k - ring of willpower
MPRegen 0.10/turn               o - ring of poison resistance

@: no status effects
A: horns 2, retaliatory headbutt
a: no special abilities


You were on level 4 of the Dungeon.
You visited 1 branch of the dungeon, and saw 4 of its levels.

You collected 174 gold pieces.

Inventory:

Hand Weapons
 a - a +0 vampiric short sword
   (You took it off a kobold on level 3 of the Dungeon)
 d - a +0 short sword of draining
   (You took it off a kobold on level 3 of the Dungeon)
 m - a +0 short sword of flaming (weapon)
   (You took it off a kobold on level 2 of the Dungeon)
 p - the +10 falchion of the Stained God {vorpal, Drain rPois Str+6 Int-3}
   (You found it on level 4 of the Dungeon)

   It inflicts extra damage upon your enemies.
   Str:       It affects your strength (+6).
   Int:       It affects your intelligence (-3).
   rPois:     It protects you from poison.
   Drain:     It drains your maximum health when unequipped.
Armour
 b - a +0 robe (worn)
 j - a +0 buckler (worn)
   (You found it on level 2 of the Dungeon)
Jewellery
 k - a ring of willpower (left hand)
   (You found it on level 2 of the Dungeon)
 o - a ring of poison resistance (right hand)
   (You found it on level 4 of the Dungeon)
Scrolls
 h - 5 scrolls of teleportation
 l - 3 scrolls of enchant weapon
Potions
 c - 2 potions of invisibility
 e - a potion of resistance {unknown}
 f - 2 potions of cancellation
 g - 4 potions of flight
 i - 2 potions of might
 n - a potion of curing


   Skills:
 * Level 3.9 Fighting
 - Level 1.1 Short Blades
 + Level 2.5 Armour
 + Level 3.4 Dodging
 - Level 2.4 Stealth
 - Level 1.3 Spellcasting
 - Level 2.0 Hexes


You had 6 spell levels left.
You didn't know any spells.
Your spell library contained the following spells:

 Spells                   Type           Power      Damage    Failure   Level
 Ensorcelled Hibernation  Hex/Ice        6%         N/A       36%         2
 Confusing Touch          Hex            5%         N/A       45%         3
 Tukima's Dance           Hex            5%         N/A       45%         3
 Dazzling Flash           Conj/Hex       6%         N/A       61%         3
 Spider Form              Tmut/Pois      0%         N/A       75%         3
 Anguish                  Hex/Necr       1%         N/A       95%         4


Dungeon Overview and Level Annotations

Branches:
Dungeon (4/15)
 Temple: D:4-7

Altars:
Ashenzari

Shops:
D:3 [


Innate Abilities, Weirdness & Mutations

You have a pair of horns on your head.
You reflexively headbutt those who attack you in melee.


Message History

Found a stone staircase leading up.
There is a stone staircase leading up here.
A phantom comes into view.
A phantom is nearby!
A phantom is nearby!
Found a chain mail.
Found 11 gold pieces.
You closely miss the phantom. You headbutt the phantom.
The phantom completely misses you. You furiously retaliate!
You headbutt the phantom. You miss the phantom. The phantom hits you.
The phantom blinks!
You blink.
You hit the phantom. You headbutt the phantom. The phantom hits you!
The phantom blinks!
You blink.
The phantom hits you.
The phantom blinks!
You blink.
You hit the phantom but do no damage. The phantom hits you.
You closely miss the phantom. The phantom hits you.
You barely miss the phantom. Your headbutt misses the phantom.
The phantom closely misses you.
You closely miss the phantom. The phantom hits you.
* * * LOW HITPOINT WARNING * * *
You feel the dreadful sensation subside.
Your +0 short sword of flaming bursts into flame!
m - a +0 short sword of flaming (weapon)
You closely miss the phantom. The phantom hits you.
* * * LOW HITPOINT WARNING * * *
The phantom blinks!
You blink.
Found a scroll labelled WALLAYXIGE.
The phantom hits you.
* * * LOW HITPOINT WARNING * * *
You hit the phantom but do no damage. You headbutt the phantom!
You block the phantom's attack.
You closely miss the phantom. The phantom completely misses you.
You miss the phantom. The phantom misses you. You furiously retaliate!
You headbutt the phantom. You closely miss the phantom.
You headbutt the phantom. The phantom hits you.
* * * LOW HITPOINT WARNING * * *
You barely miss the phantom. The phantom hits you.
* * * LOW HITPOINT WARNING * * *
You completely miss the phantom. The phantom hits you.
* * * LOW HITPOINT WARNING * * *
You hit the phantom. You burn the phantom. Your headbutt misses the phantom.
The phantom hits you but does no damage.
You barely miss the phantom. The phantom misses you.
You barely miss the phantom.
The phantom hits you but does no damage.
The phantom closely misses you.
You closely miss the phantom. The phantom hits you.
* * * LOW HITPOINT WARNING * * *
The phantom blinks!
You blink.
You closely miss the phantom. The phantom hits you.
You die...

.. ##.###### ######
#.......# #....#
#.......## #....#
.........###....####
...............[...?
#........###....###.#
..............@.#
.............W..#
#......$........# #.#
##.##.##.#####.## #.# ..
.....).....####.#####
##.##.#..##..............
.###.##.#..###.####.#.####
....................#.#
........>......####.#.#


You could see a phantom.

Vanquished Creatures
  A necrophage (D:4)
  An adder (D:2)
  A worm (D:3)
  3 dart slugs
  An orc (D:4)
  6 endoplasms
  3 giant cockroaches
  7 goblins
  5 hobgoblins
  3 jackals (D:1)
  A quokka (D:3)
  5 ball pythons
  6 bats
  A frilled lizard (D:2)
  5 kobolds
  4 rats
53 creatures vanquished.

Notes
Turn   | Place    | Note
-------+----------+-------------------------------------------
     0 | D:1      | vurker the Minotaur Enchanter began the quest for the Orb.
     0 | D:1      | Reached XP level 1. HP: 14/14 MP: 1/1
   190 | D:1      | Reached skill level 1 in Fighting
   321 | D:1      | Reached XP level 2. HP: 12/23 MP: 3/3
   554 | D:1      | Reached skill level 1 in Armour
   933 | D:1      | You fall into a shaft and drop 1 floor!
  1623 | D:2      | Reached XP level 3. HP: 29/29 MP: 4/4
  2762 | D:3      | Found a broken altar of Ashenzari.
  3091 | D:3      | Found Gais's Armour Shop.
  3248 | D:4      | Noticed a necrophage
  3264 | D:4      | Killed a necrophage
  3265 | D:4      | Reached XP level 4. HP: 26/40 MP: 5/5
  3625 | D:4      | Reached XP level 5. HP: 45/46 MP: 6/6
  3688 | D:4      | Identified the +10 falchion of the Stained God {vorpal,
                  | Drain rPois Str+6 Int-3}
  3716 | D:4      | Noticed a phantom
  3739 | D:4      | Slain by a phantom

Illustrated notes

Levels and vault maps discovered:
D:1:      sevenhm_arrival_forest_fort_small_3, layout_basic
D:2:      layout_rooms, minmay_indecisive_spiral
D:3:      layout_basic, mainiacjoe_overflow_surrounded_room, serial_shops, shop
D:4:      layout_basic, nicolae_tso_carved_into_rock, solitary_fountain

Skill      XL: |  1  2  3 |
---------------+----------+-----
Fighting       | 1 2 3 |  3.9
Armour         | 1 2 |  2.5
Dodging        | 3 |  3.4
Short Blades   | |  1.1
Stealth        | |  2.4
Spellcasting   | |  1.3
Hexes          | |  2.0

Action                   |  1- 3 |  4- 6 || total
-------------------------+-------+-------++-------
Melee: Dagger            |    66 |       ||    66
       Headbutt          |    21 |     8 ||    29
       Punch             |     1 |       ||     1
       Short sword       |    66 |    34 ||   100
  Use: Scroll            |     6 |     1 ||     7
 Stab: Sleeping          |     9 |       ||     9
Armor: Robe              |    14 |     2 ||    16
Dodge: Dodged            |    81 |    14 ||    95
Block: Buckler           |     2 |     2 ||     4

Table legend: (Time is in decaauts)
 A = Elapsed time spent in this place.
 B = Non-inter-level travel time spent in this place.
 C = Inter-level travel time spent in this place.
 D = Time resting spent in this place.
 E = Time spent auto-exploring this place.
 F = Levels seen in this place.
 G = Mean time per level.
                   A        B        C        D        E       F      G
               +--------+--------+--------+--------+--------+-----+--------+
         Total |   3743 |   3670 |     73 |      0 |   3191 |   4 |  935.8 |
       Dungeon |   3743 |   3670 |     73 |      0 |   3191 |   4 |  935.8 |
               +--------+--------+--------+--------+--------+-----+--------+

Top non-repeatable levels by time:
     D:1: 1445 daAuts
     D:3: 1082 daAuts
     D:2: 708 daAuts
     D:4: 507 daAuts
